Map: Orbital Shipyard

Players

lesha - Winner!

  • Race: Terran Terran

A.I. 1 (Very Hard)

  • Race: Protoss Protoss

VOD

Have the link to the VOD?

Description

Time

  • Played on: Dec. 5, 2015, 6:43 a.m.
  • Length: 15:52
Show
View Real Time Build Order
Export as new Build Order

lesha Terran - Winner!

Build Orders: MMM Bio 

Get SALT Encoding   

  12  0:01  SCV  
  13  0:13  SCV  
  14  0:19  Supply Depot  
  14  0:34  SCV  
  15  0:44  Barracks  
  15  0:46  SCV  
  16  0:58  SCV  
  17  1:10  SCV  
  18  1:21  Command Center  
  18  1:22  SCV  
  19  1:29  Refinery  
  19  1:35  Orbital Command  
  19  1:41  Marine  
  20  1:48  Refinery  
  20  1:59  Marine  
  21  2:04  SCV  
  22  2:08  Supply Depot  
  22  2:16  SCV  
  23  2:30  SCV, Marine  
  23  2:35  Orbital Command  
  25  2:42  SCV  
  25  2:43  Factory  
  26  2:54  SCV  
  26  2:56  Barracks  
  27  3:01  SCV  
  28  3:06  SCV  
  29  3:18  SCV  
  30  3:20  Barracks Tech Lab  
  30  3:23  SCV  
  31  3:33  Starport  
  31  3:37  SCV  
  31  3:38  SCV  
  31  3:40  Factory Tech Lab  
  33  3:44  Stimpack  
  33  3:48  Marauder  
  35  3:49  SCV  
  35  3:50  SCV  
  37  3:56  Supply Depot  
  37  3:58  Supply Depot  
  37  4:02  SCV x2  
  39  4:04  Refinery  
  39  4:07  Barracks Reactor, Refinery  
  39  4:11  Siege Tank  
  39  4:14  SCV x2, Starport Reactor  
  44  4:22  Supply Depot  
  44  4:24  Engineering Bay  
  44  4:36  Barracks, Marauder  
  44  4:37  Barracks  
  46  4:38  Barracks  
  46  4:53  Medivac x2  
  46  4:56  Marine x2  
  46  4:57  Marauder  
  54  5:06  Supply Depot  
  54  5:09  Supply Depot  
  54  5:12  SCV  
  54  5:13  Marine  
  54  5:14  Marine  
  59  5:22  SCV  
  59  5:24  SCV  
  61  5:30  Marine  
  61  5:32  Barracks Reactor  
  61  5:34  SCV  
  61  5:35  Barracks Reactor  
  61  5:37  Siege Tank  
  61  5:41  Marauder  
  66  5:44  Combat Shields  
  66  5:46  Marine x2  
  69  5:52  Terran Infantry Weapons Level 1, Engineering Bay  
  69  5:55  Barracks Tech Lab  
  68  6:00  SCV x2  
  68  6:02  Marauder  
  68  6:04  Marine  
  73  6:12  SCV x2  
  73  6:13  Marine  
  73  6:14  Marine x3  
  73  6:15  Marine x2  
  81  6:19  Terran Infantry Armor Level 1  
  81  6:21  Marine  
  81  6:23  Marine  
  81  6:25  Armory  
  83  6:30  Command Center  
  83  6:31  Marine x2  
  83  6:32  Marine  
  86  6:50  Supply Depot  
  86  6:52  Supply Depot x2  
  86  7:11  SCV, Marine x7  
  86  7:14  SCV, Marine  
  96  7:18  Medivac x2  
  100  7:29  Marauder x2, Marine x3  
  107  7:38  Marine x3  
  110  7:47  Terran Infantry Weapons Level 2, Marine  
  110  7:51  Marauder x2  
  115  8:00  Supply Depot  
  115  8:01  Supply Depot  
  115  8:05  Marine  
  115  8:06  Supply Depot, Marine x5  
  115  8:12  Marauder x2  
  125  8:15  Concussive Shells  
  125  8:17  Terran Infantry Armor Level 2  
  125  8:23  Marine x3  
  125  8:24  Supply Depot x2, Marine x3  
  131  8:31  Supply Depot  
  131  8:32  Refinery, Orbital Command  
  131  8:33  Marine  
  131  8:34  Marauder  
  134  8:41  Marine  
  135  8:50  Marine x4  
  135  8:51  Marine x2  
  135  8:55  Marauder  
  143  8:59  Marine  
  144  9:08  Marine  
  144  9:09  Marauder  
  147  9:20  SCV x3  
  150  9:27  Marauder  
  150  9:28  Command Center, Medivac x2  
  150  9:31  Marine x3, Marauder  
  158  9:32  SCV x2, Marine  
  158  9:33  Marine  
  165  9:54  Marine x2  
  165  9:55  Marine x6  
  173  10:02  Medivac  
  173  10:04  Medivac  
  173  10:05  Supply Depot x2  
  173  10:06  Supply Depot  
  170  10:08  Supply Depot  
  170  10:09  Supply Depot  
  170  10:14  Marauder  
  172  10:27  Marauder  
  174  10:35  Marauder  
  176  10:38  SCV x2  
  176  10:39  SCV  
  176  10:41  Orbital Command  
  179  10:44  Marine x6  
  179  10:49  Marauder  
  187  10:50  SCV  
  187  10:56  Marine  
  189  10:58  Terran Infantry Weapons Level 3, Barracks x2  
  189  10:59  Terran Infantry Armor Level 3  
  189  11:01  Barracks, Marine  
  189  11:02  Barracks, Marine x5  
  195  11:09  Marine  
  196  11:14  Marine  
  197  11:21  SCV x3  
  194  11:56  Marine x3  
  194  11:57  Marine x3  
  194  11:59  Barracks Reactor x2  
  194  12:01  Barracks Reactor, Barracks Tech Lab  
  190  12:27  Marine x4  
  190  12:28  Marine x5  
  197  12:30  Medivac  
  199  12:45  Marine  
  193  13:13  Command Center  
  193  13:14  Command Center  
  190  13:32  Marine  
  190  13:33  Marine x8  
  190  13:34  Marine  
  197  15:02  Command Center  
  197  15:07  Command Center  
Show
View Real Time Build Order
Export as new Build Order

A.I. 1 (Very Hard) Protoss 

Build Orders: 1 Gate Expand, Zealot Archon 

Get SALT Encoding   

  12  0:01  Probe (Chrono Boost)  
  13  0:11  Probe (Chrono Boost)  
  14  0:20  Pylon  
  14  0:22  Probe (Chrono Boost)  
  15  0:38  Probe (Chrono Boost)  
  16  0:49  Probe (Chrono Boost), Gateway  
  17  0:59  Probe (Chrono Boost)  
  18  1:06  Assimilator  
  18  1:10  Probe (Chrono Boost), Pylon  
  19  1:20  Probe (Chrono Boost)  
  20  1:29  Nexus  
  20  1:43  Cybernetics Core  
  20  1:45  Probe (Chrono Boost)  
  21  1:49  Zealot  
  23  2:04  Gateway  
  23  2:06  Probe (Chrono Boost)  
  24  2:13  Pylon  
  24  2:17  Probe (Chrono Boost)  
  24  2:20  Zealot, Warp Gate  
  27  2:29  Probe (Chrono Boost)  
  28  2:37  Assimilator  
  28  2:40  Probe (Chrono Boost)  
  28  2:42  Probe (Chrono Boost)  
  30  2:45  Adept  
  30  2:51  Adept  
  32  2:56  Probe (Chrono Boost)  
  35  3:04  Probe (Chrono Boost), Pylon  
  36  3:10  Adept  
  38  3:17  Sentry  
  40  3:22  Probe (Chrono Boost)  
  40  3:24  Probe (Chrono Boost)  
  42  3:33  Probe (Chrono Boost)  
  43  3:35  Stalker, Probe (Chrono Boost)  
  43  3:38  Robotics Facility  
  46  3:45  Probe (Chrono Boost), Adept  
  46  3:47  Probe (Chrono Boost)  
  51  3:57  Probe x2 (Chrono Boost)  
  52  4:03  Adept  
  52  4:07  Pylon  
  52  4:08  Probe (Chrono Boost)  
  52  4:09  Probe (Chrono Boost)  
  56  4:19  Probe (Chrono Boost)  
  56  4:20  Probe (Chrono Boost)  
  58  4:25  Stalker  
  58  4:26  Immortal  
  58  4:27  Pylon  
  66  4:31  Probe (Chrono Boost)  
  66  4:32  Probe (Chrono Boost)  
  66  4:37  Stalker  
  68  4:42  Probe (Chrono Boost)  
  68  4:44  Probe (Chrono Boost)  
  68  4:45  Robotics Facility  
  70  4:47  Stalker  
  72  4:57  Probe (Chrono Boost)  
  72  4:59  Probe (Chrono Boost)  
  74  5:01  Immortal  
  74  5:04  Pylon  
  78  5:08  Pylon  
  78  5:22  Stalker  
  78  5:23  Probe (Chrono Boost)  
  78  5:24  Assimilator  
  81  5:38  Twilight Council  
  81  5:41  Gateway, Zealot  
  83  5:43  Assimilator  
  83  5:47  Probe (Chrono Boost), Pylon  
  83  5:48  Probe (Chrono Boost)  
  85  5:58  Probe (Chrono Boost)  
  86  6:06  Probe (Chrono Boost)  
  86  6:09  Probe (Chrono Boost)  
  86  6:10  Pylon  
  86  6:11  Nexus  
  88  6:17  Templar Archives  
  88  6:31  Gateway  
  88  6:39  Stalker  
  90  6:40  Pylon  
  90  6:44  Stalker, Zealot  
  94  6:56  Psionic Storm  
  94  6:57  Warp Prism  
  94  6:59  Forge  
  94  7:00  Stalker  
  98  7:02  Sentry  
  98  7:05  High Templar  
  102  7:09  Observer  
  102  7:12  Forge  
  103  7:18  Pylon  
  103  7:21  Pylon  
  103  7:24  Probe (Chrono Boost), High Templar  
  103  7:25  Probe x2 (Chrono Boost)  
  108  7:35  Probe (Chrono Boost), Archon, Assimilator  
  108  7:36  Probe (Chrono Boost)  
  108  7:37  Probe (Chrono Boost), Pylon  
  111  7:39  High Templar  
  111  7:42  Assimilator  
  111  7:44  Photon Cannon  
  113  7:45  Photon Cannon  
  113  7:46  Probe (Chrono Boost)  
  113  7:47  Probe (Chrono Boost)  
  113  7:48  Probe (Chrono Boost), Photon Cannon  
  113  7:50  Photon Cannon  
  116  7:51  Gateway  
  116  7:55  High Templar  
  116  7:57  Photon Cannon  
  116  7:58  Probe x2 (Chrono Boost)  
  120  8:00  Probe (Chrono Boost)  
  120  8:04  Pylon, Archon  
  121  8:07  High Templar  
  121  8:08  Probe (Chrono Boost)  
  121  8:10  Probe (Chrono Boost)  
  121  8:11  Probe (Chrono Boost)  
  126  8:18  High Templar  
  129  8:20  Probe (Chrono Boost)  
  129  8:21  Probe (Chrono Boost)  
  129  8:23  Probe (Chrono Boost)  
  129  8:24  Photon Cannon  
  129  8:25  Archon  
  129  8:26  Photon Cannon  
  131  8:28  High Templar  
  131  8:33  Warp Prism  
  133  8:38  High Templar  
  137  8:44  Archon  
  137  8:47  High Templar  
  139  8:50  Photon Cannon  
  139  8:51  Photon Cannon  
  139  8:53  Gateway  
  139  8:57  High Templar  
  139  9:02  Photon Cannon  
  141  9:04  Nexus, Photon Cannon  
  141  9:06  High Templar  
  143  9:15  Archon  
  143  9:16  High Templar  
  145  9:25  Zealot, High Templar  
  145  9:29  Pylon  
  149  9:34  Zealot, Archon  
  149  9:36  High Templar  
  149  9:37  Photon Cannon  
  152  9:45  High Templar  
  154  9:49  Gateway  
  154  9:54  Zealot, Pylon, Archon  
  154  9:55  High Templar  
  158  10:01  Immortal  
  158  10:02  Zealot x2  
  158  10:05  Stalker  
  150  10:13  Zealot  
  148  10:15  Zealot  
  148  10:17  Immortal  
  148  10:18  Probe (Chrono Boost)  
  155  10:21  Sentry  
  155  10:22  Zealot  
  155  10:25  Zealot  
  155  10:27  Zealot  
  163  10:31  Archon  
  163  10:32  Zealot  
  163  10:34  Zealot, Assimilator  
  167  10:36  Pylon  
  167  10:38  Observer, Assimilator  
  167  10:41  Zealot  
  170  10:43  Stalker, Zealot, High Templar  
  170  10:47  High Templar  
  178  10:51  Zealot  
  178  10:52  Archon  
  178  10:53  Zealot  
  178  10:55  Observer  
  183  10:58  Photon Cannon  
  183  11:00  High Templar  
  183  11:03  Pylon  
  185  11:07  High Templar  
  187  11:12  Archon  
  187  11:15  High Templar  
  189  11:22  High Templar  
  191  11:26  Photon Cannon  
  191  11:27  Photon Cannon  
  191  11:28  Sentry, Nexus, Archon  
  191  11:30  Photon Cannon  
  193  11:35  High Templar  
  195  11:42  High Templar  
  197  11:47  Archon  
  197  11:49  Zealot x2, High Templar  
  197  11:50  Zealot  
  197  11:51  Zealot  
  87  12:04  Zealot  
  87  12:07  Zealot  
  83  12:08  Stalker  
  83  12:09  Zealot  
  83  12:10  Sentry, Zealot  
  83  12:11  Zealot x3  
  89  12:16  Sentry  
  89  12:17  Sentry, Stalker x2  
  89  12:19  Warp Prism, High Templar  
  85  12:22  Zealot  
  85  12:27  Probe x2 (Chrono Boost)  
  85  12:29  Probe (Chrono Boost)  
  55  12:38  Stalker, Probe (Chrono Boost)  
  55  12:39  Stalker, Probe (Chrono Boost), High Templar  
  55  12:40  Probe (Chrono Boost), Pylon  
  55  12:41  Probe (Chrono Boost)  
  55  12:42  Zealot  
  57  12:49  Probe (Chrono Boost)  
  57  12:50  Probe (Chrono Boost), High Templar  
  59  12:52  Probe (Chrono Boost), Assimilator  
  59  12:53  Probe (Chrono Boost)  
  59  12:57  Assimilator  
  51  12:59  Zealot  
  51  13:00  Zealot  
  51  13:01  Probe x2 (Chrono Boost), Zealot  
  51  13:04  Probe (Chrono Boost)  
  55  13:10  Sentry  
  57  13:16  Nexus  
  57  13:18  Stalker  
  57  13:20  Probe (Chrono Boost)  
  57  13:21  Stalker  
  57  13:23  Probe (Chrono Boost)  
  58  13:32  Pylon  
  58  13:33  Probe (Chrono Boost)  
  59  13:39  Zealot  
  47  13:50  Pylon  
  42  13:57  Zealot  
  41  14:13  Probe (Chrono Boost)  
  41  14:16  Probe (Chrono Boost)  
  38  14:19  Pylon  
  39  14:24  Probe (Chrono Boost), Pylon  
  39  14:27  Probe (Chrono Boost)  
  39  14:28  Gateway  
  40  14:34  Probe (Chrono Boost)  
  31  14:48  Pylon  
  31  14:50  Nexus  
  16  15:03  Nexus  
  16  15:30  Nexus  
Tags
 
Add a new tag
Caveats
  • Supply blocks, unpowered buildings, or Contaminate may cause inaccurate times.
  • Supply counts are checked every 10 seconds.